 Dungeon Crawl Stone Soup version 0.21.1-1-g345015f (webtiles) character file.

115 kwel01 the Cudgeler (level 4, -12/41 HPs)
             Began as a Minotaur Berserker on Feb 25, 2018.
             Was a Believer of Trog.
             Killed by divine providence
             ... invoked by an orc priest
              (13 damage)
             ... on level 3 of the Dungeon.
             The game lasted 00:11:14 (2126 turns).

kwel01 the Cudgeler (Minotaur Berserker)            Turns: 2126, Time: 00:11:15

Health: -12/41     AC:  3    Str: 22    XL:     4   Next: 68%
Magic:  3/3        EV: 12    Int:  5    God:    Trog [**....]
Gold:   42         SH:  0    Dex:  9    Spells: 3/3 levels left

rFire    . . .     SeeInvis .   a - +0 mace
rCold    . . .     Gourm    .   (no shield)
rNeg     . . .     Faith    .   b - +0 animal skin
rPois    .         Spirit   .   (helmet restricted)
rElec    .         Reflect  .   (no cloak)
rCorr    .         Harm     .   (no gloves)
MR       .....                  f - +0 pair of boots
Stlth    +.........             (no amulet)
HPRegen  0.13/turn              (no ring)
MPRegen  0.08/turn              (no ring)

@: no status effects
A: retaliatory headbutt, horns 2
a: Berserk, Trog's Hand, Burn Spellbooks, Renounce Religion


You were on level 3 of the Dungeon.
You worshipped Trog.
Trog was pleased with you.
You were near starving.

You visited 1 branch of the dungeon, and saw 3 of its levels.

You collected 42 gold pieces.

Inventory:

Hand Weapons
 a - a +0 mace (weapon)
Missiles
 j - 5 tomahawks of returning (quivered)
Armour
 b - a +0 animal skin (worn)
 f - a +0 pair of boots (worn)
Jewellery
 e - an uncursed ring of see invisible {unknown}
 k - an uncursed ring of wizardry {unknown}
Scrolls
 d - a scroll of random uselessness {unknown}
 h - 2 scrolls of remove curse {unknown}
 i - 3 scrolls of identify {unknown}
 l - a scroll of enchant armour {unknown}
 m - a scroll of teleportation {unknown}
Potions
 g - 3 potions of mutation {unknown}
 n - a potion of haste {unknown}
Comestibles
 c - 4 rations


   Skills:
 + Level 4.6 Fighting
 + Level 5.1 Maces & Flails
 + Level 2.7 Armour
 + Level 2.7 Dodging
 * Level 1.6 Unarmed Combat


You had 3 spell levels left.
You didn't know any spells.

Dungeon Overview and Level Annotations

Branches:
Dungeon (3/15)

Altars:


Innate Abilities, Weirdness & Mutations

You reflexively headbutt those who attack you in melee.
You have a pair of horns on your head.


Message History

The orc priest mumbles some strange prayers to Beogh against you.
Beogh smites you! The orc completely misses you.
You hit the orc priest but do no damage.
The orc priest is severely wounded.
The orc priest hits you with a hand axe!
The orc closely misses you.
You hit the orc priest but do no damage.
The orc priest is severely wounded.
The orc priest completely misses you.
The orc hits you from afar with a trident!
* * * LOW HITPOINT WARNING * * *
You hit the orc priest. Your headbutt misses the orc priest.
The orc priest is severely wounded.
The orc priest mumbles some strange prayers to Beogh against you.
Pain shoots through your body!
* * * LOW HITPOINT WARNING * * *
The orc barely misses you.
The orc priest calls down the wrath of Beogh upon you.
Beogh smites you!
You die...

#
####.#####
#<@oo.....
#.##o#####
#.# # #.#
#.# #.#
#.# .>.


You could see an orc priest and 2 orcs.

Vanquished Creatures
  An orc priest (D:2)
  2 adders (D:2)
  2 oozes
  3 orcs
  4 ball pythons
  9 bats
  A giant cockroach (D:2)
  6 goblins
  6 hobgoblins
  2 jackals (D:1)
  7 kobolds
  4 frilled lizards (D:1)
  A leopard gecko skeleton (D:2)
  A quokka skeleton (D:2)
  8 rats
57 creatures vanquished.

Vanquished Creatures (others)
  A leopard gecko (D:1)
  A bat (D:1)
2 creatures vanquished.

Grand Total: 59 creatures vanquished

Notes
Turn   | Place    | Note
-------+----------+-------------------------------------------
     0 | D:1      | kwel01 the Minotaur Berserker began the quest for the Orb.
     0 | D:1      | Reached XP level 1. HP: 19/19 MP: 0/0
   116 | D:1      | Reached XP level 2. HP: 27/27 MP: 1/1
   168 | D:1      | Reached skill level 4 in Maces & Flails
   463 | D:1      | Reached skill level 1 in Unarmed Combat
   732 | D:1      | Reached XP level 3. HP: 33/33 MP: 2/2
  1315 | D:2      | Reached ** piety under Trog
  1317 | D:2      | Reached XP level 4. HP: 36/41 MP: 3/3
  1389 | D:2      | Reached skill level 5 in Maces & Flails
  2126 | D:3      | HP: 1/41 [orc priest/nerve-wracking pain (8)]
  2126 | D:3      | Killed from afar by an orc priest

Skill      XL: |  1  2  3  4 |
---------------+-------------+-----
Fighting       | 4 |  4.6
Maces & Flails | 4 5 |  5.1
Unarmed Combat | 1 |  1.6
Armour         | |  2.7
Dodging        | |  2.7

Action                   |  1- 3 |  4- 6 || total
-------------------------+-------+-------++-------
Melee: Mace              |    88 |    35 ||   123
       Headbutt          |    12 |     6 ||    18
Throw: Tomahawk          |     3 |       ||     3
Invok: Berserk           |       |     1 ||     1
 Stab: Sleeping          |     1 |       ||     1
  Eat: Chunk             |     1 |     2 ||     3
Armor: Animal skin       |    19 |     3 ||    22
Dodge: Dodged            |    55 |    24 ||    79
